 Dungeon Crawl Stone Soup version 0.27.1-33-g824d729ab1 (webtiles) character file.

Game seed: 14875543764162856005

37 Atelerd the Digger (level 3, 0/21 HPs)
             Began as an Octopode Earth Elementalist on Dec 23, 2021.
             Slain by Duvessa (13 damage)
             ... on level 4 of the Dungeon.
             The game lasted 00:01:21 (1601 turns).

Atelerd the Digger (Octopode Earth Elementalist)    Turns: 1601, Time: 00:01:21

Health: 0/21       AC:  5    Str:  7    XL:     3   Next: 41%
Magic:  3/6        EV: 13    Int: 18    God:
Gold:   54         SH:  0    Dex: 12    Spells: 6/7 levels left

rFire    . . .     SeeInvis .   k - +2 dagger (venom)
rCold    . . .     Faith    .   (no shield)
rNeg     . . .     Spirit   .   (helmet restricted)
rPois    .         Reflect  .   (no amulet)
rElec    .         Harm     .   f - +4 ring of protection
rCorr    .         Rampage  .   (no ring)
Will     .....                  (no ring)
Stlth    +++.......             (no ring)
HPRegen  0.07/turn              (no ring)
MPRegen  0.10/turn              (no ring)
                                (no ring)
                                (no ring)

@: no status effects
A: almost no armour, amphibious, 8 rings, camouflage 1, gelatinous body 1,
(nimble swimmer 1), tentacles
a: no special abilities


You were on level 4 of the Dungeon.
You visited 1 branch of the dungeon, and saw 3 of its levels.

You collected 54 gold pieces.

Inventory:

Hand Weapons
 e - a +0 short sword
 k - a +2 dagger of venom (weapon)
Missiles
 b - 51 stones
Jewellery
 f - a +4 ring of protection (left tentacle)
Scrolls
 a - a scroll of enchant weapon {unknown}
 c - a scroll of fog {unknown}
 d - a scroll of vulnerability {unknown}
 g - a scroll of amnesia {unknown}
 i - 2 scrolls of identify {unknown}
Potions
 h - a potion of heal wounds {unknown}
 j - a potion of curing {unknown}


   Skills:
 - Level 2.0 Dodging
 - Level 2.6 Stealth
 + Level 2.5 Spellcasting
 + Level 1.9 Transmutations
 + Level 3.5 Earth Magic


You had 6 spell levels left.
You knew the following spells:

 Your Spells              Type           Power      Damage    Failure   Level
a - Sandblast             Erth           28%        2d8       4%          1

Your spell library contained the following spells:

 Spells                   Type           Power      Damage    Failure   Level
 Passwall                 Tmut/Erth      10%        N/A       9%          2
 Stone Arrow              Conj/Erth      16%        3d8       26%         3
 Petrify                  Tmut/Erth      12%        N/A       50%         4


Dungeon Overview and Level Annotations

Branches:
Dungeon (2/15)

Altars:

Annotations:
D:4 Dowan, Duvessa


Innate Abilities, Weirdness & Mutations

You cannot wear most types of armour.
You are amphibious.
You can wear up to eight rings at the same time.
Your skin changes colour to match your surroundings (Stealth+).
Your rubbery body absorbs attacks. (AC +1, EV +1)
((You are camouflaged near water. (Stealth+)))
You have tentacles for arms and can constrict up to eight enemies at once.


Message History

A goblin comes into view. It is wielding a +0 dagger.
Found an escape hatch in the floor.
You fall into a shaft and drop 2 floors!
The shaft crumbles and collapses.
You hear the sound of rushing water.
There is an entrance to a sewer on this level.
Hurry and find it before the portal rusts away!
A phantom comes into view.
Okay, then.
An adder comes into view.
Found 7 stones.
Duvessa, Sister of Dowan comes into view.
She is wielding a +1 antimagic short sword.
Dowan, Brother of Duvessa comes into view.
He is wielding a +0 dagger.
The adder hisses angrily.
The blast of sand hits the adder.
The adder is moderately wounded.
The adder closely misses you.
The blast of sand hits the adder!
You kill the adder!
Duvessa gestures with her weapon.
Found a stone staircase leading up.
Found a stone staircase leading down.
Found a scroll labelled COPU GUVVANG.
You hit Duvessa but do no damage. Your grab misses Duvessa. You hit Duvessa.
You grab Duvessa.
Duvessa is lightly wounded.
You constrict Duvessa, but do no damage.
Duvessa hits you with a +1 antimagic short sword!
You feel your power leaking away.
Unknown command.
Casting: Sandblast (safe; 4% risk of failure)
Confirm with . or Enter, or press ? or * to list all spells.
Aiming: Sandblast (safe; 4% risk of failure)
Press: ? - help, Shift-Dir - straight line, f - Duvessa
Aim: Duvessa, wielding a +1 antimagic short sword and wearing a +0 leather armour (lightly wounded, constricted by you, 100% to hit)
The blast of sand hits Duvessa!
Duvessa is moderately wounded.
You constrict Duvessa, but do no damage.
Duvessa hits you with a +1 antimagic short sword!
Ouch! That really hurt!
You die...

...... #....####
.......###..## #
........##..## #.
.......>##..# ##.
....<.....## #...
#..........#
##...####........##
##......#..........##
.......@e...........#
##.....?...............
##..###............###
## ##...........#
#.#####....## ###
######


You could see Duvessa.

Vanquished Creatures
  An adder (D:4)
  3 ball pythons (D:1)
  4 endoplasms (D:1)
  A giant cockroach (D:1)
  A goblin (D:2)
  4 jackals (D:1)
  2 quokkas (D:1)
  3 bats
  2 kobolds
  6 rats (D:1)
27 creatures vanquished.

Notes
Turn   | Place    | Note
-------+----------+-------------------------------------------
     0 | D:1      | Atelerd the Octopode Earth Elementalist began the quest for
                  | the Orb.
     0 | D:1      | Reached XP level 1. HP: 11/11 MP: 3/3
   149 | D:1      | Found a faded altar of an unknown god.
   247 | D:1      | Reached XP level 2. HP: 17/17 MP: 3/5
   976 | D:1      | Reached XP level 3. HP: 21/21 MP: 4/6
  1569 | D:2      | You fall into a shaft and drop 2 floors!
  1569 | D:4      | Noticed a phantom
  1576 | D:4      | Noticed Duvessa
  1577 | D:4      | Noticed Dowan
  1601 | D:4      | Slain by Duvessa

Illustrated notes

Levels and vault maps discovered:
D:1:      nicolae_arrival_somewhat_less_tricky_arrival, layout_basic,
          dilly_ecumenical_altar_fadedgnrine, serial_forest,
          infiniplex_forest_straight_1, infiniplex_forest_lined_3_way,
          infiniplex_forest_straight_3, infiniplex_forest_clump_small,
          infiniplex_forest_diagonal, infiniplex_forest_clump_tiny,
          infiniplex_forest_straight_2, infiniplex_forest_lined_1
D:2:      kennysheep_six_static_rooms, layout_loops_ring, basic_altar,
          minivault_25
D:4:      layout_layer_cave, general_overflow_altar, portal_sewer_entry_f,
          uniq_menkaure, uniq_duvessa

Action                   || total
-------------------------++-------
Melee: Unarmed           ||    11
       Short sword       ||     8
       Constrict         ||     8
       Tentacles         ||     2
       Dagger            ||     2
 Cast: Sandblast         ||    29
 Stab: Sleeping          ||     1
Armor: Skin              ||     2
Dodge: Dodged            ||    27
